 Dungeon Crawl Stone Soup version 0.31.0-11-ge490571c62 (webtiles) character file.

Game seed: 10850292703832887494

30328 SmokeWeed the Covert (level 13, -21/99 HPs)
             Began as a Gnoll Enchanter on Feb 2, 2024.
             Was an Initiate of Gozag.
             Demolished by Donald
             ... wielding a +0 demon trident of venom
              (36 damage)
             ... on level 2 of the Orcish Mines.
             The game lasted 01:31:37 (14198 turns).

SmokeWeed the Covert (Gnoll Enchanter)             Turns: 14198, Time: 01:31:38

Health: -21/99     AC: 18    Str: 14    XL:     13   Next: 51%
Magic:  4/9        EV: 18    Int: 28    God:    Gozag
Gold:   2279       SH:  0    Dex: 19    Spells: 8/32 levels left

rFire   . . .        h - +5 great mace of Chaos {antimagic, rC+ Str+4 Int+5 Dex+2}
rCold   + + .        (shield currently unavailable)
rNeg    . . .        t - +5 leather armour of Daisies {rElec rPois Dex+2}
rPois   +            m - +2 helmet
rElec   +            j - +2 cloak
rCorr   .            I - +0 pair of gloves
SInv    .            Z - +0 pair of boots
Will    +....        z - amulet of magic regeneration
Stlth   +++++        X - ring of Monn {rC+ Will+ Dex+2 Slay+4}
HPRegen 0.36/turn    E - +6 ring of intelligence
MPRegen 0.51/turn

%: no passive effects
@: gold aura, invisible
A: fangs 1, strong nose, distributed training
a: Renounce Religion, Potion Petition, Call Merchant, Bribe Branch


You were on level 2 of the Orcish Mines.
You worshipped Gozag.
Gozag was most pleased with you.
You visited 3 branches of the dungeon, and saw 16 of its levels.

You collected 2551 gold pieces.
You spent 160 gold pieces at shops.
You paid 112 gold pieces to Gozag.

Inventory:

Hand Weapons
 h - the +5 great mace of Chaos (weapon) {antimagic, rC+ Str+4 Int+5 Dex+2}
   (You acquired it on level 2 of the Dungeon)

   Str+4:     It affects your strength (+4).
   Int+5:     It affects your intelligence (+5).
   Dex+2:     It affects your dexterity (+2).
   rC+:       It protects you from cold.
 l - a +2 spear of venom
 O - a +4 dagger of chaos
 U - a +2 scimitar of flaming
 W - a +2 trident of distortion
Missiles
 a - a curare-tipped dart
 e - 136 stones
 p - 20 boomerangs (quivered)
 y - 48 poisoned darts
 J - 2 darts of dispersal
 Q - a throwing net
Armour
 j - a +2 cloak (worn)
 m - a +2 helmet (worn)
 t - the +5 leather armour of Daisies (worn) {rElec rPois Dex+2}
   (You found it on level 3 of the Dungeon)

   Dex+2:     It affects your dexterity (+2).
   rElec:     It insulates you from electricity.
   rPois:     It protects you from poison
 F - a +2 kite shield
 I - a +0 pair of gloves (worn)
 V - +0 acid dragon scales
 Z - a +0 pair of boots (worn)
Magical Staves
 f - a staff of fire
 v - a staff of alchemy
Jewellery
 g - a ring of magical power
 n - a +4 ring of protection
 u - a ring of resist corrosion
 x - a ring of positive energy
 z - an amulet of magic regeneration (around neck)
 E - a +6 ring of intelligence (right hand)
 G - a +5 ring of evasion
 P - a ring of flight
 X - the ring of Monn (left hand) {rC+ Will+ Dex+2 Slay+4}
   (You found it on level 10 of the Dungeon)

   [ring of slaying]

   Dex+2:     It affects your dexterity (+2).
   Slay+4:    It affects your accuracy & damage with ranged weapons and melee
   (+4).
   rC+:       It protects you from cold.
   Will+:     It increases your willpower.
Wands
 L - a wand of polymorph (25)
 R - a wand of mindburst (3)
 S - a wand of paralysis (14)
 T - a wand of roots (12)
Scrolls
 o - a scroll of fear
 s - 2 scrolls of vulnerability
 C - 2 scrolls of revelation
 D - 5 scrolls of teleportation
 N - 2 scrolls of immolation
Potions
 c - a potion of invisibility
 d - 2 potions of lignification
 i - 2 potions of mutation
 k - 2 potions of magic
 q - a potion of brilliance
 r - 2 potions of might
 w - 6 potions of curing
 H - 2 potions of attraction
 K - 2 potions of haste {unknown}
Miscellaneous
 b - a phantom mirror
 Y - a condenser vane


   Skills:
 + Level 8.6 Fighting
 + Level 9.1 Short Blades
 + Level 8.6 Long Blades
 + Level 8.6 Axes
 + Level 8.6 Maces & Flails
 + Level 8.6 Polearms
 + Level 8.6 Staves
 + Level 8.6 Ranged Weapons
 + Level 8.6 Throwing
 + Level 8.6 Armour
 + Level 9.8 Dodging
 + Level 10.5 Stealth
 + Level 8.6 Shields
 + Level 8.6 Unarmed Combat
 + Level 10.0 Spellcasting
 + Level 7.2 Conjurations
 + Level 9.1 Hexes
 + Level 7.2 Summonings
 + Level 7.2 Necromancy
 + Level 7.2 Translocations
 + Level 7.2 Fire Magic
 + Level 7.2 Ice Magic
 + Level 7.2 Air Magic
 + Level 7.2 Earth Magic
 + Level 7.2 Alchemy
 + Level 9.5 Invocations
 + Level 8.6 Evocations
 + Level 7.9 Shapeshifting


You had 8 spell levels left.
You knew the following spells:

 Your Spells              Type           Power      Damage    Failure   Level
a - Tukima's Dance        Hex            60%        N/A       1%          3
b - Dazzling Flash        Conj/Hex       100%       N/A       1%          3
c - Ensorcelled Hibernat  Hex/Ice        100%       N/A       1%          2
d - Mephitic Cloud        Conj/Alch/Air  53%        N/A       1%          3
e - Mercury Vapours       Alch/Air       100%       N/A       1%          2
f - Summon Ice Beast      Ice/Summ       53%        N/A       1%          3
g - Hailstorm             Conj/Ice       53%        3d10      1%          3
h - Freezing Cloud        Conj/Ice/Air   26%        6-21      7%          5

Your spell library contained the following spells:

 Spells                   Type           Power      Damage    Failure   Level
 Lesser Beckoning         Tloc           100%       N/A       1%          2
 Confusing Touch          Hex            60%        N/A       1%          3
 Gell's Gravitas          Tloc           53%        N/A       1%          3
 Teleport Other           Tloc           53%        N/A       1%          3
 Vhi's Electric Charge    Tloc/Air       100%       N/A       2%          4
 Alistair's Intoxication  Alch           35%        N/A       7%          5
 Arcjolt                  Conj/Air       26%        1d36      7%          5
 Borgnjor's Vile Clutch   Necr/Erth      26%        N/A       7%          5
 Eringya's Noxious Bog    Alch           26%        4d6       36%         6
 Plasma Beam              Fire/Air       26%        2x1d39    36%         6
 Sculpt Simulacrum        Ice/Alch       26%        N/A       36%         6


Dungeon Overview and Level Annotations

Branches:
Dungeon (13/15)            Temple (1/1) D:7            Lair (0/5) D:11
    Orc (2/2) D:10
    Elf: Orc:2       Vaults: D:13-14

Altars:
Ashenzari
Cheibriados
Dithmenos
Elyvilon
Fedhas
Gozag
Hepliaklqana
Kikubaaqudgha
Makhleb
Nemelex Xobeh
Okawaru
Qazlal
Ru
Sif Muna
Trog
Uskayaw
Vehumet
Wu Jian
Xom
Yredelemnul
Zin
The Shining One

Shops:
D:1 *   D:12 *((   Orc:2 !

Annotations:
D:6 2 transporters, chicagocrazy's ghost, novice DsNe
D:11 3 transporters
Orc:2 Donald


Innate Abilities, Weirdness & Mutations

You have very sharp teeth.
Your uncanny sense of smell can sniff out nearby items.
Your experience applies equally to all skills.


Message History

An ogre comes into view. It is wielding a +0 giant spiked club.
Donald is engulfed in noxious fumes.
The ogre mage completely misses itself.
The ogre is engulfed in noxious fumes.
The ogre appears confused.
Your ice beast hits the ogre mage.
Your ice beast freezes the ogre mage!
Donald is engulfed in noxious fumes.
The ogre moves out of view.
You bludgeon the ogre mage!!
You kill the ogre mage!
The ogre is distracted by your dazzling golden aura.
Your ice beast hits the ogre.
Your ice beast freezes the ogre!
The ogre is no longer distracted by gold.
Donald hits you from afar with a +0 demon trident of venom!!
* * * LOW HITPOINT WARNING * * *
As you read the scroll of fear, it crumbles to dust.
You assume a fearsome visage.
The ogre looks frightened! x2
Donald resists with some effort.
Donald misses you.
The ogre is engulfed in freezing vapours.
The ogre nearly stumbles in trying to escape.
The ogre is engulfed in noxious fumes.
The ogre appears confused.
The ogre is distracted by your dazzling golden aura.
Donald says, "I bet you have to pay people to get friends."
Donald completely misses you.
The ogre is engulfed in freezing vapours.
You kill the ogre!
You feel much better.
Donald hits you from afar with a +0 demon trident of venom!!
* * * LOW HITPOINT WARNING * * *
The ogre is engulfed in noxious fumes.
The ogre appears confused.
The ogre shouts!
Casting: Freezing Cloud (dangerous; 7% risk of failure)
Confirm with . or Enter, or press ? or * to list all spells.
Aiming: Ensorcelled Hibernation (safe; 1% risk of failure)
Press: ? - help, Shift-Dir - straight line, f - Donald
Aim: Donald, wielding a +0 demon trident of venom, wearing a +0 chain mail and wearing a +0 kite shield (lightly wounded, fast, strong, ally target, chance to affect: 10%)
Okay, then.
You fade into invisibility!
Donald says, "So, what is this Orb thing, anyway?"
Donald hits you from afar with a +0 demon trident of venom!!!
You die...
Donald says, "I won.
I... don't hate that."
Your body crumbles into a pile of gold.

......)$.........
.....$$......#...
.....$$..........
.......$°.##....#
.....§§.O### ###
.#...§§§☼§.##
#...#§§§Y@$##
##.###.§$..$### ##
#..$@.$..##
#...##$$$$#
##.#####$### ###
##..# #### # ##...###
##..# ##.#......#
#.... ###.......###
#....
#...........######..
##$...........#..#...


You could see Donald (fast, strong, unable to see you, ally target), an ogre
(confused, unable to see you, fleeing) and a friendly ice beast (summoned).

Vanquished Creatures
  11 two-headed ogres
  2 ogre magi (Orc:2)
  2 death yaks
  An orc high priest (Orc:1)
  2 deep trolls (Orc:2)
  An orc sorcerer (Orc:1)
  Maurice (D:11)
  A manticore (D:12)
  4 cyclopes
  An ugly thing (D:12)
  An unseen horror (D:12)
  2 kobold demonologists (D:9)
  Psyche (D:8)
  11 trolls
  Grinder (D:3)
  Prince Ribbit (D:6)
  3 slime creatures (D:13)
  3 shadows
  A wyvern (D:10)
  7 yaks
  2 wargs
  3 steam dragons
  Grum (D:11)
  4 vampire mosquitoes (D:11)
  Menkaure (D:7)
  An acid dragon (D:11)
  13 orc warriors
  7 black bears
  A sky beast (D:6)
  14 ogres
  3 wolves (D:11)
  5 ice beasts
  5 centaurs
  4 kobold brigands
  A gnoll sergeant (D:9)
  5 scorpions
  3 wights (D:7)
  11 killer bees
  2 bombardier beetles
  10 howler monkeys
  A quasit (D:4)
  A jelly (D:6)
  9 orc priests
  4 hounds
  2 gnoll boudas
  6 iguanas
  16 orc wizards
  A hell rat (D:11)
  20 gnolls
  5 adders
  3 river rats (D:11)
  4 shadow imps
  4 white imps
  4 ufetubi (D:4)
  A dart slug (D:3)
  A ribbon worm (D:5)
  47 orcs
  12 bats
  6 endoplasms
  A giant cockroach (D:3)
  12 goblins
  8 hobgoblins
  3 jackals
  24 kobolds
  4 quokkas
  5 ball pythons
  5 frilled lizards
  6 rats
368 creatures vanquished.

Vanquished Creatures (collateral kills)
  2 two-headed ogres
  Maggie (D:9)
  3 orc warriors
  2 kobold brigands (D:8)
  2 gnoll sergeants
  A howler monkey (D:7)
  An orc priest (Orc:2)
  A gnoll bouda (D:4)
  An iguana (D:5)
  5 orc wizards
  9 gnolls
  A shadow imp (D:4)
  10 orcs
  3 hobgoblins (D:8)
  10 kobolds
52 creatures vanquished.

Vanquished Creatures (others)
  10 dancing weapons
  A killer bee (D:10)
  An orc (D:8)
12 creatures vanquished.

Grand Total: 432 creatures vanquished

Notes
Turn   | Place    | Note
-------+----------+-------------------------------------------
     0 | D:1      | SmokeWeed the Gnoll Enchanter began the quest for the Orb.
     0 | D:1      | Reached XP level 1. HP: 13/13 MP: 6/6
    97 | D:1      | Found Haucosou's Assorted Antiques.
   228 | D:1      | Reached XP level 2. HP: 19/19 MP: 7/7
  1006 | D:1      | Reached skill level 5 in Spellcasting
  1006 | D:1      | Reached XP level 3. HP: 25/25 MP: 9/9
  1668 | D:1      | Learned a level 3 spell: Tukima's Dance
  1763 | D:2      | Reached skill level 1 in Invocations
  1936 | D:2      | Reached skill level 1 in Fighting
  1936 | D:2      | Reached skill level 1 in Long Blades
  1936 | D:2      | Reached skill level 1 in Axes
  1936 | D:2      | Reached skill level 1 in Maces & Flails
  1936 | D:2      | Reached skill level 1 in Polearms
  1936 | D:2      | Reached skill level 1 in Staves
  1936 | D:2      | Reached skill level 1 in Ranged Weapons
  1936 | D:2      | Reached skill level 1 in Throwing
  1936 | D:2      | Reached skill level 1 in Armour
  1936 | D:2      | Reached skill level 1 in Shields
  1936 | D:2      | Reached skill level 1 in Unarmed Combat
  1936 | D:2      | Reached skill level 1 in Evocations
  1962 | D:2      | Identified a scroll of acquirement
  1962 | D:2      | Acquired the +5 great mace of Chaos {antimagic, rC+ Str+4
                  | Int+5 Dex+2}
  2006 | D:2      | Reached skill level 1 in Shapeshifting
  2006 | D:2      | Reached XP level 4. HP: 32/32 MP: 6/11
  2202 | D:3      | Noticed a black bear
  2210 | D:3      | Killed a black bear
  2211 | D:3      | Reached skill level 1 in Conjurations
  2211 | D:3      | Reached skill level 1 in Summonings
  2211 | D:3      | Reached skill level 1 in Necromancy
  2211 | D:3      | Reached skill level 1 in Translocations
  2211 | D:3      | Reached skill level 1 in Fire Magic
  2211 | D:3      | Reached skill level 1 in Ice Magic
  2211 | D:3      | Reached skill level 1 in Air Magic
  2211 | D:3      | Reached skill level 1 in Earth Magic
  2211 | D:3      | Reached skill level 1 in Alchemy
  2211 | D:3      | Reached XP level 5. HP: 18/37 MP: 7/12
  2316 | D:3      | Found a faded altar of an unknown god.
  2715 | D:3      | Identified the +5 leather armour of Daisies {rElec rPois
                  | Dex+2}
  2947 | D:3      | Learned a level 3 spell: Dazzling Flash
  2970 | D:3      | Noticed Grinder
  2979 | D:3      | Killed Grinder
  2980 | D:3      | Reached skill level 5 in Dodging
  2980 | D:3      | Reached XP level 6. HP: 44/44 MP: 4/14
  3037 | D:3      | Found a faded altar of an unknown god.
  3037 | D:3      | Found a shimmering blue altar of Sif Muna.
  3048 | D:3      | Found a sparkling altar of Nemelex Xobeh.
  3050 | D:3      | Found a broken altar of Ashenzari.
  3052 | D:3      | Found a shimmering altar of Xom.
  3110 | D:4      | Noticed a black bear
  3178 | D:3      | Killed a black bear
  3179 | D:3      | Reached XP level 7. HP: 30/51 MP: 5/15
  3272 | D:4      | Found a radiant altar of Vehumet.
  3281 | D:4      | Learned a level 2 spell: Ensorcelled Hibernation
  3285 | D:4      | Learned a level 3 spell: Mephitic Cloud
  3288 | D:4      | Learned a level 2 spell: Mercury Vapours
  3923 | D:4      | Reached XP level 8. HP: 32/58 MP: 5/16
  4119 | D:5      | Entered Level 5 of the Dungeon
  4324 | D:5      | Found a white marble altar of Elyvilon.
  4551 | D:5      | Identified the +1 leather armour of the Dwarven Hall {*Slow
                  | Str+5}
  4986 | D:6      | Found a glowing silver altar of Zin.
  5018 | D:6      | Identified the +3 dire flail "Vugoes" {pain, Dex+4}
  5019 | D:6      | Noticed chicagocrazy's ghost (novice DsNe)
  5020 | D:6      | Found a transporter.
  5027 | D:6      | Found a transporter.
  5085 | D:6      | Reached XP level 9. HP: 55/65 MP: 6/18
  5285 | D:6      | Reached skill level 5 in Short Blades
  5738 | D:6      | Noticed Prince Ribbit
  5742 | D:6      | Killed Prince Ribbit
  6177 | D:7      | Learned a level 3 spell: Summon Ice Beast
  6266 | D:7      | Reached skill level 5 in Invocations
  6459 | D:7      | Found a stormy altar of Qazlal.
  6537 | D:7      | Noticed Menkaure
  6549 | D:7      | Killed Menkaure
  6572 | D:7      | Reached skill level 5 in Fighting
  6572 | D:7      | Reached skill level 5 in Long Blades
  6572 | D:7      | Reached skill level 5 in Axes
  6572 | D:7      | Reached skill level 5 in Maces & Flails
  6572 | D:7      | Reached skill level 5 in Polearms
  6572 | D:7      | Reached skill level 5 in Staves
  6572 | D:7      | Reached skill level 5 in Ranged Weapons
  6572 | D:7      | Reached skill level 5 in Throwing
  6572 | D:7      | Reached skill level 5 in Armour
  6572 | D:7      | Reached skill level 5 in Shields
  6572 | D:7      | Reached skill level 5 in Unarmed Combat
  6572 | D:7      | Reached skill level 5 in Evocations
  6572 | D:7      | Reached XP level 10. HP: 74/74 MP: 6/20
  6591 | D:7      | Found a staircase to the Ecumenical Temple.
  6600 | Temple   | Entered the Ecumenical Temple
  6634 | Temple   | Became a worshipper of Gozag Ym Sagoz the Greedy
  7408 | D:8      | Noticed Psyche
  7413 | D:8      | Killed Psyche
  7622 | D:8      | Found a bloodstained altar of Trog.
  7997 | D:8      | Noticed a two-headed ogre
  8020 | D:8      | Killed a two-headed ogre
  8021 | D:8      | Reached skill level 5 in Shapeshifting
  8139 | D:9      | Noticed a two-headed ogre
  8150 | D:9      | Killed a two-headed ogre
  8213 | D:9      | Noticed Maggie
  8224 | D:9      | Killed Maggie
  8316 | D:9      | Noticed a kobold demonologist
  8322 | D:9      | Noticed a sixfirhy
  8324 | D:9      | Killed a kobold demonologist
  8430 | D:9      | Reached skill level 5 in Conjurations
  8430 | D:9      | Reached skill level 5 in Summonings
  8430 | D:9      | Reached skill level 5 in Necromancy
  8430 | D:9      | Reached skill level 5 in Translocations
  8430 | D:9      | Reached skill level 5 in Fire Magic
  8430 | D:9      | Reached skill level 5 in Ice Magic
  8430 | D:9      | Reached skill level 5 in Air Magic
  8430 | D:9      | Reached skill level 5 in Earth Magic
  8430 | D:9      | Reached skill level 5 in Alchemy
  8469 | D:9      | Identified the +2 robe "Keipiut" {Int+2}
  8473 | D:9      | Noticed a kobold demonologist
  8477 | D:9      | Noticed a sixfirhy
  8488 | D:9      | Reached XP level 11. HP: 56/81 MP: 5/22
  8672 | D:9      | Learned a level 3 spell: Hailstorm
  8990 | D:10     | Entered Level 10 of the Dungeon
  9032 | D:10     | Noticed a two-headed ogre
  9048 | D:10     | Killed a two-headed ogre
  9136 | D:10     | Found a blossoming altar of Fedhas.
  9265 | D:10     | Identified the ring of Monn {rC+ Will+ Dex+2 Slay+4}
  9293 | D:10     | Learned a level 5 spell: Freezing Cloud
  9655 | D:10     | Found an ancient bone altar of Kikubaaqudgha.
  9925 | D:10     | Found a staircase to the Orcish Mines.
 10323 | D:11     | Noticed a death yak
 10326 | D:11     | Noticed a death yak
 10327 | D:11     | Found a staircase to the Lair.
 10327 | D:11     | Noticed a death yak
 10339 | D:10     | Killed a death yak
 10441 | D:11     | Killed a death yak
 11043 | D:11     | Noticed Grum
 11048 | D:11     | Found a transporter.
 11051 | D:11     | Killed Grum
 11057 | D:11     | Found a transporter.
 11075 | D:11     | Found a transporter.
 11077 | D:11     | Found a transporter.
 11108 | D:11     | Reached XP level 12. HP: 91/91 MP: 8/24
 11111 | D:11     | Noticed Maurice
 11119 | D:11     | Killed Maurice
 11248 | D:11     | Noticed a two-headed ogre
 11258 | D:11     | Killed a two-headed ogre
 11934 | D:12     | Found Gufas's Weapon Boutique.
 12084 | D:12     | Found Turibuloi's Antique Weapon Shoppe.
 12110 | D:12     | Found Seonox's CLEARANCE SALE!.
 12117 | D:12     | Bought a condenser vane for 160 gold pieces
 13129 | Orc:1    | Entered Level 1 of the Orcish Mines
 13213 | Orc:1    | Noticed an orc high priest
 13224 | Orc:1    | Killed an orc high priest
 13721 | Orc:2    | Entered Level 2 of the Orcish Mines
 13760 | Orc:2    | Noticed a two-headed ogre
 13844 | Orc:2    | Killed a two-headed ogre
 13851 | Orc:2    | Reached skill level 10 in Stealth
 14101 | Orc:2    | Found Soczudgh's Distillery.
 14103 | Orc:2    | Noticed a two-headed ogre
 14104 | Orc:2    | Noticed a two-headed ogre
 14104 | Orc:2    | Noticed a two-headed ogre
 14107 | Orc:2    | Noticed a two-headed ogre
 14108 | Orc:2    | Noticed a two-headed ogre
 14109 | Orc:2    | Noticed an ogre mage
 14116 | Orc:2    | Killed a two-headed ogre
 14121 | Orc:2    | Killed a two-headed ogre
 14122 | Orc:2    | Noticed a two-headed ogre
 14124 | Orc:2    | Reached XP level 13. HP: 98/98 MP: 2/26
 14157 | Orc:2    | Reached skill level 10 in Spellcasting
 14187 | Orc:2    | Noticed Donald
 14198 | Orc:2    | Demolished by Donald

Illustrated notes

Levels and vault maps discovered:
D:1:      dpeg_arrival_boxorama, layout_basic, serial_shops,
          nicolae_shop_tiny_real_fake_doors
D:2:      layout_rooms
D:3:      layout_loops_cross, chequers_temple_overflow_minitemple,
          hellmonk_ecumenical_altar_lost_god,
          amcnicky_mini_rare_corridor_liquid, uniq_grinder
D:4:      layout_gridville, fiery_altar_vehumet, serial_demonic,
          serial_demonic_f, serial_demonic_g, serial_demonic_a,
          serial_demonic_g, serial_demonic_b, serial_demonic_c
D:5:      minmay_evil_eye, layout_rooms, mainiacjoe_overflow_six_doors_small,
          serial_library_hellmonk_small_corner, serial_bayou_crossing
D:6:      layout_basic, mainiacjoe_overflow_brackets, gammafunk_ghost_smash,
          uniq_prince_ribbit1
D:7:      layout_loops_ring, mainiacjoe_overflow_boulevard,
          minmay_temple_entry_junction, uniq_menkaure
D:8:      layout_basic, trog_hazing_becter, enter_bailey_3, uniq_psyche
D:9:      layout_roguey, uniq_maggie
D:10:     layout_basic, lemuel_tele_altar, kennysheep_mini_moat,
          minmay_orc_entry_temple_small, hangedman_abyss_or_decor_lesser_grid
D:11:     layout_stronghold, dpeg_lair_monsters, nicolae_transporter_circle,
          uniq_maurice, uniq_grum
D:12:     layout_loops_cross, serial_shops, shop, nicolae_shop_hallway_plus,
          minmay_misc_feat_rows, nicolae_shop_clearance
D:13:     layout_long_grid, david_vaults_2
Temple:   bh_familiar_temple
Orc:1:    layout_diamond_mine
Orc:2:    st_orc_open, layout_diamond_mine, uniq_donald

Skill      XL: |  1  2  3  4  5  6  7  8  9 10 11 12 13 |
---------------+----------------------------------------+-----
Spellcasting   | 5 6 7 8 9 10 | 10.0
Stealth        | 6 7 8 9 10 | 10.5
Invocations    | 1 2 3 4 5 6 7 8 9 |  9.5
Fighting       | 1 2 3 5 6 7 8 |  8.6
Long Blades    | 1 2 3 5 6 7 8 |  8.6
Axes           | 1 2 3 5 6 7 8 |  8.6
Maces & Flails | 1 2 3 5 6 7 8 |  8.6
Polearms       | 1 2 3 5 6 7 8 |  8.6
Staves         | 1 2 3 5 6 7 8 |  8.6
Ranged Weapons | 1 2 3 5 6 7 8 |  8.6
Throwing       | 1 2 3 5 6 7 8 |  8.6
Armour         | 1 2 3 5 6 7 8 |  8.6
Shields        | 1 2 3 5 6 7 8 |  8.6
Unarmed Combat | 1 2 3 5 6 7 8 |  8.6
Evocations     | 1 2 3 5 6 7 8 |  8.6
Shapeshifting  | 1 2 3 4 5 6 7 |  7.9
Short Blades   | 3 4 5 6 7 8 9 |  9.1
Conjurations   | 1 2 3 4 5 6 7 |  7.2
Summonings     | 1 2 3 4 5 6 7 |  7.2
Necromancy     | 1 2 3 4 5 6 7 |  7.2
Translocations | 1 2 3 4 5 6 7 |  7.2
Fire Magic     | 1 2 3 4 5 6 7 |  7.2
Ice Magic      | 1 2 3 4 5 6 7 |  7.2
Air Magic      | 1 2 3 4 5 6 7 |  7.2
Earth Magic    | 1 2 3 4 5 6 7 |  7.2
Alchemy        | 1 2 3 4 5 6 7 |  7.2
Dodging        | 5 6 7 8 9 |  9.8
Hexes          | 6 7 8 9 |  9.1

Action                     |  1- 3 |  4- 6 |  7- 9 | 10-12 | 13-15 || total
---------------------------+-------+-------+-------+-------+-------++-------
  Melee: Dagger            |    63 |       |       |       |       ||    63
         Bite              |     9 |     5 |    28 |    55 |     3 ||   100
         Spear             |    39 |       |       |       |       ||    39
         Great mace        |     1 |    60 |   240 |   452 |    20 ||   773
  Throw: Boomerang         |       |       |     4 |    25 |    11 ||    40
   Cast: Tukima's Dance    |       |     2 |    27 |    51 |       ||    80
         Ensorcelled Hiber |       |       |    18 |     4 |       ||    22
         Mercury Vapours   |       |       |     6 |     2 |       ||     8
         Dazzling Flash    |       |       |     3 |       |       ||     3
         Mephitic Cloud    |       |       |     5 |    45 |     4 ||    54
         Summon Ice Beast  |       |       |     2 |    16 |     1 ||    19
         Hailstorm         |       |       |       |     2 |       ||     2
         Freezing Cloud    |       |       |       |     4 |     2 ||     6
  Evoke: Wand              |       |       |       |     1 |     1 ||     2
         Phantom mirror    |       |       |       |     1 |       ||     1
         Condenser vane    |       |       |       |     1 |       ||     1
    Use: Scroll            |     3 |     7 |     9 |     5 |     1 ||    25
         Potion            |       |     1 |     2 |     1 |     2 ||     6
   Stab: Sleeping          |     7 |     3 |    27 |    13 |       ||    50
         Invisible         |       |     1 |     2 |       |       ||     3
         Confused          |       |       |     2 |    26 |     6 ||    34
         Distracted        |       |       |       |     5 |       ||     5
 Armour: Robe              |    25 |       |       |       |       ||    25
         Scale mail        |    12 |     5 |       |       |       ||    17
         Chain mail        |       |    38 |       |       |       ||    38
         Leather armour    |       |    47 |   223 |   349 |    16 ||   635
  Dodge: Dodged            |    48 |    56 |   277 |   407 |    22 ||   810
